 Dungeon Crawl Stone Soup version 0.27-a0-1048-g7ee7857c10 (webtiles) character file.

Game seed: 12007544216473854412

238 Lemonice the Skirmisher (level 5, -2/44 HPs)
             Began as a Palentonga Fighter on Apr 20, 2021.
             Slain by Sigmund
             ... wielding a +0 scythe
              (9 damage)
             ... on level 3 of the Dungeon.
             The game lasted 00:05:10 (3054 turns).

Lemonice the Skirmisher (Palentonga Fighter)        Turns: 3054, Time: 00:05:11

Health: -2/44      AC:  9    Str: 20    XL:     5   Next: 78%
Magic:  5/5        EV:  7    Int:  7    God:
Gold:   81         SH:  9    Dex:  9    Spells: 4/4 levels left

rFire    . . .     SeeInvis +   a - +0 long sword
rCold    + . .     Faith    .   c - +0 kite shield
rNeg     . . .     Spirit   .   j - +1 leather armour {rC+}
rPois    .         Reflect  .   i - +0 helmet
rElec    .         Harm     .   (no cloak)
rCorr    .         Rampage  .   (no gloves)
Will     .....                  (no barding)
Stlth    +.........             (no amulet)
HPRegen  0.14/turn              (no ring)
MPRegen  0.09/turn              (no ring)

@: mighty
A: large, rugged brown scales 3, see invisible, deformed body, roll 1, armoured
tail, stinger 1, iridescent scales 1, dopey 1, sense surroundings 1
a: Rolling Charge


You were on level 3 of the Dungeon.
You visited 1 branch of the dungeon, and saw 3 of its levels.

You collected 81 gold pieces.

Inventory:

Hand Weapons
 a - a +0 long sword (weapon)
Missiles
 e - a throwing net
Armour
 b - a +0 scale mail
 c - a +0 kite shield (worn)
 i - a +0 helmet (worn)
 j - a +1 leather armour of cold resistance (worn)
Wands
 q - a wand of iceblast (12)
Scrolls
 g - 2 scrolls of identify {unknown}
 h - 3 scrolls of magic mapping {unknown}
 k - 2 scrolls of teleportation {unknown}
 p - a scroll of torment {unknown}
Potions
 d - a potion of might
 f - a potion of haste {unknown}
 l - a potion of curing {unknown}


   Skills:
 + Level 3.8 Fighting
 + Level 3.4 Long Blades
 + Level 3.5 Armour
 - Level 1.0 Dodging
 - Level 0.1 Stealth
 + Level 3.2 Shields


You had 4 spell levels left.
You didn't know any spells.
Your spell library contained the following spells:

 Spells                   Type           Power      Damage    Failure   Level
 Magic Dart               Conj           0%         1d3       88%         1
 Blink                    Tloc           N/A        N/A       96%         2
 Call Imp                 Summ           0%         N/A       96%         2
 Slow                     Hex            0%         N/A       96%         2
 Conjure Flame            Conj/Fire      0%         6-21      99%         3
 Mephitic Cloud           Conj/Pois/Air  0%         N/A       99%         3


Dungeon Overview and Level Annotations

Branches:
Dungeon (3/15)

Altars:

Annotations:
D:3 Sigmund


Innate Abilities, Weirdness & Mutations

You are completely covered in rugged brown scales. (AC +3, +7% HP)
You have supernaturally acute eyesight. (SInv)
Armour fits poorly on your strangely shaped body.
You can roll at nearby foes to attack.
You have a long armoured tail.
Your tail ends in a poisonous barb.
You are partially covered in iridescent scales. (AC +2)
You are dopey. (Int -2)
You passively map a small area around you.


Message History

Aim: Sigmund, wielding a +0 scythe and wearing a +0 robe You roll forward with a clatter of scales!
You hit Sigmund.
Sigmund is lightly wounded.
Sigmund hits you with a +0 scythe! You block Sigmund's attack.
You feel very mighty all of a sudden.
Sigmund points at you and mumbles some strange words.
The magic dart hits you.
You closely miss Sigmund.
Your tail-slap misses Sigmund.
Sigmund is lightly wounded.
Sigmund hits you with a +0 scythe.
A hobgoblin comes into view.
The hobgoblin shouts!
You hit Sigmund.
Sigmund is lightly wounded.
You block Sigmund's attack. Sigmund barely misses you.
You barely miss Sigmund.
Sigmund is lightly wounded.
You block Sigmund's attack.
You barely miss Sigmund.
Your tail-slap misses Sigmund.
Sigmund is lightly wounded.
You block Sigmund's attack. The hobgoblin barely misses you.
Sigmund barely misses you.
You riposte.
You closely miss Sigmund.
Sigmund is lightly wounded.
The hobgoblin hits you.
You barely miss Sigmund.
Sigmund is lightly wounded.
Sigmund hits you with a +0 scythe!
* * * LOW HITPOINT WARNING * * *
The hobgoblin hits you but does no damage.
Your shield and leather armour prevent you from hitting Sigmund.
Sigmund is lightly wounded.
Sigmund hits you with a +0 scythe.
* * * LOW HITPOINT WARNING * * *
You block the hobgoblin's attack. Sigmund barely misses you.
You closely miss Sigmund.
Sigmund is lightly wounded.
The hobgoblin hits you but does no damage.
Sigmund hits you with a +0 scythe!
You die...

,
*#.#.#.............
#.#.##.##.###.#...
* #.#.##.##.#
#.##.. *
###.#.##.##.#
#.###†
,...#.#...#.# #.#
#. #.#.....#.###.#
#.
#.............###.
#g#######.........
#@# ########## #@#
,, , ,..# * ####


You could see Sigmund and a hobgoblin.

Vanquished Creatures
  A scorpion (D:3)
  An orc priest (D:3)
  Natasha (D:3)
  5 adders
  2 worms (D:2)
  A dart slug (D:3)
  5 orcs
  4 bats
  6 endoplasms
  A giant cockroach (D:1)
  4 hobgoblins
  8 jackals (D:3)
  A quokka (D:3)
  3 ball pythons
  4 frilled lizards
  5 goblins
  9 kobolds
  4 rats
65 creatures vanquished.

Notes
Turn   | Place    | Note
-------+----------+-------------------------------------------
     0 | D:1      | Lemonice the Palentonga Fighter began the quest for the
                  | Orb.
     0 | D:1      | Reached XP level 1. HP: 19/19 MP: 1/1
   294 | D:1      | Reached XP level 2. HP: 15/25 MP: 2/2
  1173 | D:2      | Reached XP level 3. HP: 31/31 MP: 3/3
  1471 | D:2      | Reached XP level 4. HP: 37/37 MP: 4/4
  1698 | D:2      | Found a faded altar of an unknown god.
  1936 | D:3      | Reached skill level 1 in Dodging
  2367 | D:3      | Reached XP level 5. HP: 43/43 MP: 5/5
  2380 | D:3      | Gained mutation: You passively map a small area around you.
                  | [potion of mutation]
  2380 | D:3      | Gained mutation: You are dopey. (Int -2) [potion of
                  | mutation]
  2380 | D:3      | Gained mutation: You are partially covered in iridescent
                  | scales. (AC +2) [potion of mutation]
  2380 | D:3      | Gained mutation: Your tail ends in a poisonous barb.
                  | [potion of mutation]
  2998 | D:3      | Noticed Natasha
  3003 | D:3      | Killed Natasha
  3045 | D:3      | Noticed Sigmund
  3054 | D:3      | Slain by Sigmund

Illustrated notes

Levels and vault maps discovered:
D:1:      kennysheep_arrival_seaside, layout_loops_ring, moated_statue
D:2:      layout_loops_cross, shapermc_ecumenical_altar_mp_vishouse,
          chequers_garden
D:3:      layout_loops_ring, uniq_sigmund, uniq_natasha

Skill      XL: |  1  2  3  4 |
---------------+-------------+-----
Armour         | 3 |  3.5
Long Blades    | 3 |  3.4
Dodging        | 1 |  1.0
Shields        | 3 |  3.2
Fighting       | |  3.8
Stealth        | |  0.1

Action                   |  1- 3 |  4- 6 || total
-------------------------+-------+-------++-------
Melee: Long sword        |    91 |    84 ||   175
       Tailslap          |     6 |     8 ||    14
 Abil: Rolling Charge    |    21 |    12 ||    33
  Use: Potion            |       |     6 ||     6
Armor: Scale mail        |    39 |       ||    39
       Leather armour    |    11 |    49 ||    60
Dodge: Dodged            |    21 |    26 ||    47
Block: Kite shield       |    50 |    49 ||    99
       Rpst.: Long sword |    11 |     7 ||    18

Table legend: (Time is in decaauts)
 A = Elapsed time spent in this place.
 B = Non-inter-level travel time spent in this place.
 C = Inter-level travel time spent in this place.
 D = Time resting spent in this place.
 E = Time spent auto-exploring this place.
 F = Levels seen in this place.
 G = Mean time per level.
                   A        B        C        D        E       F      G
               +--------+--------+--------+--------+--------+-----+--------+
         Total |   3143 |   3044 |     99 |    595 |   1934 |   3 | 1047.7 |
       Dungeon |   3143 |   3044 |     99 |    595 |   1934 |   3 | 1047.7 |
               +--------+--------+--------+--------+--------+-----+--------+

Top non-repeatable levels by time:
     D:2: 1369 daAuts
     D:1: 1129 daAuts
     D:3: 644 daAuts
